[Event "Team 45 45 League T28"]
[Site "Internet Chess Club"]
[Date "2005.10.08"]
[Round "4"]
[White "Boromir"]
[Black "rayonline53"]
[Result "1/2-1/2"]
[WhiteElo "1841"]
[BlackElo "1680"]
[TimeControl "2700+45"]

1. e4 d6 2. d4 Nf6 3. Nc3 g6 4. Be3 Bg7 5. Nf3 O-O 6. h3 c6 7. Qd2 Re8 8. Bd3
Nbd7 9. g4 c5 10. O-O-O cxd4 11. Bxd4 Nc5 12. Bc4 Ne6 13. Be3 Qc7 14. Bb3 a6 15.
Ng5 Nxg5 16. Bxg5 Be6 17. Bxe6 fxe6 18. Bh6 Bh8 19. f4 Qc6 20. Qe3 b5 21. e5 Nd5
22. Nxd5 exd5 23. e6 Rac8 24. Qd3 Qc4 25. f5 Qxd3 26. Rxd3 d4 27. Rf1 Bg7 28.
Bxg7 Kxg7 29. Rxd4 g5 30. Kd2 Rc5 31. Rd3 Rec8 32. c3 Kf6 33. Re1 h5 34. b4 Rc4
35. Rg3 h4 36. Rge3 Rf4 37. Re4 Rf3 38. R4e3 Rf2+ 39. R3e2 Rf3 40. Re3 Rf2+ 41.
R1e2 Rf1 42. Re1 Rf2+ 43. R3e2 Rf3 {Game drawn by mutual agreement} 1/2-1/2

[Event "Team 45 45 League T28"]
[Site "Internet Chess Club"]
[Date "2005.10.08"]
[Round "4"]
[White "nateinstein"]
[Black "Nomad"]
[Result "0-1"]
[WhiteElo "1884"]
[BlackElo "1963"]
[TimeControl "2700+45"]

1. e4 c5 2. Nc3 Nc6 3. g3 g6 4. Bg2 Bg7 5. Nge2 d6 6. d3 Nf6 7. h3 Bd7 8. Bg5 h6
9. Be3 a6 10. O-O O-O 11. Qd2 Kh7 12. Rae1 b5 13. f4 e5 14. Nd5 Nxd5 15. exd5
Nd4 16. fxe5 dxe5 17. c3 Nxe2+ 18. Rxe2 Rc8 19. Ref2 f5 20. h4 c4 21. dxc4 bxc4
22. b4 e4 23. Bd4 Ba4 24. Bxg7 Kxg7 25. g4 Qxh4 26. gxf5 gxf5 27. Rxf5 Rxf5 28.
Rxf5 Kg6 29. Qf4 Qxf4 30. Rxf4 Re8 31. Rxe4 Rxe4 32. Bxe4+ Kf6 33. Kf2 Ke5 34.
Ke3 Be8 35. d6 Kxd6 36. Kd4 h5 37. a3 h4 38. Kxc4 h3 {White resigns} 0-1

[Event "Team 45 45 League T28"]
[Site "Internet Chess Club"]
[Date "2005.10.08"]
[Round "4"]
[White "Poet-Laureate"]
[Black "RingLord"]
[Result "1/2-1/2"]
[WhiteElo "1734"]
[BlackElo "1611"]
[TimeControl "2700+45"]

1. d4 d5 2. c4 e5 3. dxe5 d4 4. Nf3 Nc6 5. a3 Be6 6. e3 dxe3 7. Qxd8+ Rxd8 8.
Bxe3 Nge7 9. Nc3 Ng6 10. Nb5 Rd7 11. Nxa7 Ncxe5 12. Nxe5 Nxe5 13. b3 Nd3+ 14.
Bxd3 Rxd3 15. Nb5 Rxb3 16. Nxc7+ Kd7 17. Nxe6 Kxe6 18. c5 Be7 19. Ke2 Rc3 20.
Rhc1 Rxc1 21. Rxc1 Ra8 22. Rc3 Bf6 23. Rb3 Be7 24. Rb6+ Kd7 25. Rxb7+ Kd8 26. c6
Rc8 27. Bb6+ Ke8 28. c7 Bxa3 29. Rb8 Kd7 30. Rxc8 Kxc8 31. Kd3 Bd6 32. Ke4 Bxc7
33. Bxc7 Kxc7 34. Ke5 Kc6 35. g4 h6 36. f4 Kc5 37. h4 Kc6 38. f5 Kc5 39. g5 hxg5
40. hxg5 Kc6 41. g6 Kd7 42. gxf7 Ke7 43. f8=Q+ Kxf8 44. Ke6 Ke8 {Game drawn by
mutual agreement} 1/2-1/2